Map: Golden Wall LE

Players

Dream

  • Race: Terran Terran
  • League: Master
  • Spawn Location: 7:00

Bunny - Winner!

  • Race: Terran Terran
  • League: Gold
  • Spawn Location: 5:00

Event: War Chest Team League

VOD

Have the link to the VOD?

Description

Time

  • Played on: Aug. 14, 2020, 5:57 a.m.
  • Length: 27:10
Show
View Real Time Build Order
Export as new Build Order

Dream Terran 

Build Orders: Gas First Reaper Expand, Hellion Opening 

Get SALT Encoding   

  12  0:00  SCV  
  13  0:12  SCV  
  14  0:17  Supply Depot  
  14  0:24  SCV  
  15  0:28  Refinery  
  15  0:38  SCV  
  16  0:45  Barracks  
  16  0:50  SCV  
  17  1:03  SCV  
  18  1:15  SCV  
  19  1:31  Reaper, Orbital Command  
  20  1:43  Command Center  
  20  1:53  Factory  
  20  1:57  SCV  
  21  2:04  Refinery  
  21  2:06  Barracks Reactor  
  21  2:09  SCV  
  22  2:15  Supply Depot  
  22  2:21  SCV  
  23  2:37  SCV  
  23  2:38  Starport  
  24  2:46  Hellion x2  
  24  2:49  SCV  
  29  2:54  Orbital Command  
  29  3:02  SCV  
  30  3:08  Hellion x2  
  34  3:14  SCV  
  34  3:16  Medivac  
  34  3:18  Barracks Tech Lab  
  37  3:20  SCV  
  37  3:26  SCV  
  39  3:30  Hellion  
  39  3:31  Hellion  
  43  3:38  SCV x2, Supply Depot  
  45  3:54  SCV  
  46  3:57  Supply Depot  
  46  3:59  Viking, Marine x2  
  46  4:00  SCV  
  51  4:03  Siege Tank  
  51  4:08  Supply Depot  
  48  4:17  Marine  
  42  4:28  Marine  
  34  4:34  Viking  
  34  4:35  Siege Tank  
  35  4:38  SCV x2, Marine  
  31  4:51  SCV, Marine  
  28  4:58  SCV  
  29  5:05  Viking  
  31  5:08  SCV  
  31  5:10  SCV  
  31  5:11  Marine  
  34  5:15  Marine  
  34  5:20  SCV  
  36  5:27  Siege Tank  
  39  5:32  SCV x2  
  39  5:35  Marine  
  42  5:36  Marine  
  43  5:43  Viking  
  43  5:44  SCV x2  
  47  5:53  Marine  
  47  5:54  Marine  
  49  5:58  SCV  
  49  6:03  SCV  
  51  6:10  SCV, Siege Tank  
  55  6:15  SCV  
  58  6:19  Refinery  
  58  6:22  SCV  
  57  6:27  SCV  
  58  6:33  Marine  
  58  6:34  SCV  
  58  6:37  Command Center  
  57  6:40  SCV  
  57  6:46  SCV  
  56  6:52  SCV  
  53  6:58  SCV  
  54  7:03  Viking  
  54  7:04  SCV  
  57  7:10  SCV  
  58  7:16  SCV  
  58  7:22  SCV  
  59  7:26  Barracks Tech Lab  
  59  7:27  Siege Tank  
  59  7:28  SCV  
  63  7:34  SCV  
  63  7:36  Viking  
  66  7:42  Viking  
  68  7:44  SCV  
  68  7:49  SCV, Supply Depot  
  70  7:58  Orbital Command  
  70  8:00  SCV  
  70  8:01  SCV  
  70  8:06  Viking  
  70  8:08  Orbital Command  
  70  8:12  Viking  
  74  8:13  SCV x2  
  74  8:16  Stimpack  
  76  8:23  Refinery  
  75  8:28  SCV x2  
  76  8:35  Marine  
  76  8:36  SCV  
  76  8:40  SCV  
  76  8:41  Viking  
  81  8:46  SCV  
  78  8:48  SCV  
  78  8:52  Viking  
  78  8:53  SCV, Siege Tank  
  78  8:54  Marine  
  86  8:58  SCV  
  86  9:00  SCV  
  88  9:05  SCV  
  88  9:08  Barracks  
  89  9:10  SCV  
  89  9:12  Supply Depot  
  89  9:16  Medivac  
  93  9:17  SCV  
  93  9:22  Barracks  
  93  9:23  Orbital Command  
  93  9:25  Supply Depot  
  93  9:28  Supply Depot  
  93  9:34  SCV x2  
  93  9:35  Medivac  
  93  9:38  Marine  
  98  9:40  Siege Tank  
  98  9:44  Engineering Bay  
  101  9:51  Engineering Bay  
  101  9:55  SCV  
  101  9:56  SCV x2  
  101  10:07  SCV  
  101  10:08  Marine x3  
  101  10:13  Siege Tank  
  99  10:14  SCV x2  
  99  10:19  SCV  
  101  10:22  Liberator  
  101  10:24  Combat Shield  
  101  10:26  SCV  
  106  10:29  Terran Infantry Weapons Level 1  
  106  10:30  Barracks Reactor  
  106  10:32  Barracks Reactor  
  106  10:33  SCV  
  106  10:38  SCV  
  106  10:39  Refinery x2, Sensor Tower  
  108  10:42  SCV  
  108  10:45  Supply Depot  
  108  10:47  SCV  
  109  10:50  Marine, Siege Tank  
  109  10:56  SCV  
  113  10:59  SCV, Barracks x2  
  113  11:01  Terran Infantry Armor Level 1  
  114  11:08  Supply Depot  
  114  11:10  SCV  
  114  11:11  SCV, Marine x4  
  119  11:23  Marine  
  120  11:27  Siege Tank  
  120  11:29  Medivac x2, Marine x3  
  130  11:34  Supply Depot x2  
  130  11:38  Supply Depot, Command Center  
  130  11:39  Marine  
  132  11:47  Barracks Reactor x2, Marine  
  132  11:53  Supply Depot, Factory  
  132  11:55  Supply Depot  
  132  11:58  Supply Depot  
  132  11:59  Armory, Supply Depot, Marine x3  
  135  12:03  Viking x2  
  135  12:04  Siege Tank  
  135  12:07  Barracks Reactor  
  142  12:08  Marine  
  142  12:16  Marine  
  142  12:17  Marine  
  144  12:24  Marine x3  
  144  12:25  Marine x2  
  144  12:28  Marine  
  150  12:34  Marine  
  150  12:35  Marine  
  152  12:39  Sensor Tower  
  152  12:41  Siege Tank x2  
  152  12:42  Marine x2  
  160  12:50  Terran Infantry Weapons Level 2  
  160  12:51  Terran Vehicle Weapons Level 1  
  160  12:55  Terran Infantry Armor Level 2  
  160  12:57  Command Center  
  160  13:03  Marine x7  
  160  13:04  Marine  
  160  13:05  Marine  
  167  13:11  Viking  
  169  13:15  Viking  
  169  13:16  Marine  
  172  13:21  Marine x3  
  172  13:22  Marine  
  172  13:25  Planetary Fortress  
  170  13:27  Marine x2  
  170  13:30  Marine x3  
  171  13:34  Marine  
  171  13:37  SCV x3  
  171  13:39  Marine x3  
  177  13:45  Siege Tank  
  177  13:46  Siege Tank  
  183  13:50  Marine  
  183  13:52  Marine x2  
  185  13:56  Refinery  
  185  13:57  Refinery  
  185  13:58  Marine  
  185  14:01  Marine  
  186  14:02  Marine  
  186  14:03  Marine x3  
  186  14:04  Marine  
  186  14:08  Marine  
  169  14:10  Marine x2  
  169  14:16  Marine  
  145  14:19  Marine  
  145  14:20  Marine x2, Siege Tank  
  145  14:21  Marine  
  145  14:22  Marine x2  
  153  14:26  Marine  
  153  14:28  Marine x2  
  153  14:29  SCV  
  153  14:30  SCV x2  
  159  14:34  Marine  
  159  14:37  Marine  
  159  14:38  Marine x3  
  160  14:40  Marine x2  
  160  14:44  Marine  
  166  14:45  Marine  
  166  14:51  Marine  
  166  14:52  Marine  
  162  14:55  Marine  
  162  14:57  Marine x2  
  165  15:06  Marine  
  162  15:11  Marine  
  142  15:14  Siege Tank  
  142  15:15  Siege Tank  
  144  15:21  Terran Infantry Weapons Level 3  
  144  15:24  Terran Infantry Armor Level 3  
  143  15:29  Terran Vehicle Weapons Level 2  
  143  15:36  SCV  
  143  15:37  SCV  
  143  15:42  SCV  
  144  15:44  Marine  
  144  15:45  Marine x4  
  144  15:49  Siege Tank x2  
  155  16:03  Planetary Fortress  
  132  16:04  Marine x4  
  132  16:05  Marine x2  
  132  16:07  SCV x2  
  132  16:09  SCV  
  136  16:15  Marine x3  
  139  16:22  Marine x6  
  145  16:30  Siege Tank  
  148  16:34  Siege Tank  
  148  16:37  Sensor Tower  
  148  16:39  Marine  
  152  16:45  Viking  
  154  16:47  Viking  
  156  16:59  Marine  
  156  17:00  Marine x3  
  147  17:08  Marine x4  
  147  17:10  Siege Tank  
  147  17:11  Siege Tank  
  147  17:12  Marine  
  157  17:16  Marine  
  158  17:24  Marine  
  158  17:25  Marine  
  158  17:27  Marine x4  
  158  17:28  Marine  
  165  17:30  Marine  
  165  17:34  Marine  
  165  17:42  Viking, Marine x2  
  165  17:43  Siege Tank x2  
  165  17:44  Viking  
  170  17:45  Marine  
  170  17:49  Supply Depot  
  171  17:58  Marine x3  
  171  17:59  Marine  
  171  18:00  Marine  
  176  18:06  Command Center  
  176  18:11  Marine  
  156  18:15  Marine  
  156  18:18  Marine x4  
  138  18:24  Barracks Reactor, Marine  
  133  18:29  Marine  
  133  18:31  Siege Tank x2  
  133  18:33  Marine  
  141  18:34  Terran Vehicle Weapons Level 3  
  141  18:38  Marine  
  141  18:40  Medivac  
  141  18:44  Marine x3  
  141  18:46  Marine  
  141  18:48  Marine  
  144  18:51  Marine  
  145  18:57  Marine  
  145  19:01  Marine  
  145  19:02  Marine x2  
  149  19:05  Marine  
  149  19:07  Medivac  
  153  19:10  Medivac  
  153  19:15  Sensor Tower  
  153  19:16  Barracks Reactor  
  154  19:26  Marine x6  
  154  19:27  Marine  
  154  19:29  Marine  
  162  19:44  Marine x2, Siege Tank  
  162  19:45  Siege Tank  
  170  19:55  Planetary Fortress  
  170  19:56  Sensor Tower  
  170  20:04  Viking x2  
  173  20:08  SCV x2  
  174  20:21  Siege Tank x2  
  174  20:23  Marine x2  
  182  20:33  Marine x3  
  185  20:37  Marine x5  
  185  20:41  Marine x2  
  192  20:50  Marine  
  192  20:51  Marine x2  
  192  20:55  Marine x2, Siege Tank x2  
  192  21:03  Marine x5  
  197  21:08  Marine  
  197  21:09  Marine  
  199  21:24  Liberator  
  194  21:36  Marine x8  
  200  21:57  Marine x6  
  200  21:58  Marine x2  
  200  22:00  Marine x2  
  196  22:03  Siege Tank  
  199  22:15  Marine x3  
  192  22:24  Marine x5  
  192  22:26  Marine  
  192  22:27  Marine  
  197  22:33  Marine x3  
  197  22:36  Siege Tank x2  
  178  22:41  Marine x2  
  178  22:42  Marine x3  
  167  22:44  Marine  
  167  22:45  Marine  
  167  22:48  Viking x2  
  167  22:51  Marine  
  172  22:53  Marine x2  
  172  22:57  Terran Vehicle And Ship Armor Level 1  
  174  22:59  Marine  
  174  23:00  Marine x4  
  174  23:02  Marine  
  178  23:08  Siege Tank x2  
  178  23:10  Marine x3  
  178  23:11  Orbital Command  
  155  23:16  Starport, Barracks x2  
  155  23:18  Medivac x2  
  159  23:29  Marine x9  
  159  23:31  Marine  
  168  23:40  Siege Tank x2  
  174  23:46  Marine  
  174  23:47  Marine x7  
  182  23:51  Marine  
  182  23:52  Marine  
  184  24:04  Marine x8  
  184  24:07  Sensor Tower  
  184  24:08  Refinery  
  192  24:12  Siege Tank  
  194  24:19  Marine x4  
  194  24:22  Marine x6  
  178  24:24  Marine x2  
  178  24:29  Siege Tank  
  147  24:34  Viking  
  147  24:35  Viking  
  147  24:37  Marine x2  
  151  24:44  Siege Tank  
  149  24:51  Marine x6  
  149  24:52  Marine x4  
  133  24:55  Marine  
  125  25:07  Viking x2  
  125  25:10  Viking  
  129  25:17  Marine x9  
  134  25:22  Barracks Reactor  
  134  25:23  Barracks Reactor, Marine  
  133  25:29  Siege Tank  
  133  25:33  Siege Tank  
  133  25:35  Marine  
  140  25:39  Orbital Command  
  140  25:40  Marine x3  
  140  25:41  Marine  
  144  25:48  Marine x4  
  144  25:49  Marine  
  149  26:07  Siege Tank x2  
  155  26:18  Marine x13  
  153  26:19  Marine  
  155  26:36  Marine x4  
  155  26:38  Marine x3  
  155  26:39  Marine  
  117  26:41  Marine  
  117  26:43  Marine  
Show
View Real Time Build Order
Export as new Build Order

Bunny Terran - Winner!

Build Orders: Gas First Reaper Expand 

Get SALT Encoding   

  12  0:00  SCV  
  13  0:12  SCV  
  14  0:17  Supply Depot  
  14  0:24  SCV  
  15  0:29  Refinery  
  15  0:38  SCV  
  16  0:44  Barracks  
  16  0:51  SCV  
  17  1:03  SCV  
  18  1:15  SCV  
  19  1:31  Reaper, Orbital Command  
  20  1:44  Command Center  
  20  1:56  Factory  
  20  1:58  SCV  
  21  2:06  Barracks Reactor  
  21  2:10  Supply Depot  
  21  2:13  SCV  
  22  2:18  Refinery  
  22  2:25  SCV  
  23  2:38  SCV  
  23  2:42  Starport  
  24  2:47  Hellion  
  24  2:48  Hellion  
  24  2:50  SCV  
  29  2:57  Orbital Command  
  29  3:02  SCV  
  30  3:09  Hellion  
  30  3:10  Hellion  
  34  3:14  SCV  
  34  3:18  Medivac  
  37  3:20  Barracks Tech Lab  
  37  3:23  SCV  
  37  3:26  SCV  
  39  3:31  Refinery  
  39  3:37  SCV  
  39  3:38  SCV  
  39  3:40  Supply Depot  
  41  3:45  Cyclone, Marine  
  41  3:47  Marine  
  46  3:50  Starport Tech Lab  
  46  4:01  Refinery  
  46  4:02  SCV x2  
  48  4:09  Raven, Supply Depot  
  50  4:13  Marine x2  
  50  4:14  SCV x2  
  45  4:26  SCV x2  
  39  4:31  Marine  
  39  4:42  Siege Tank  
  39  4:44  SCV x2  
  39  4:50  Marine x2  
  38  4:56  SCV x2  
  36  5:08  SCV x2  
  38  5:14  Siege Tank  
  38  5:20  SCV x2  
  43  5:25  Barracks Tech Lab  
  43  5:32  SCV x2  
  45  5:41  Viking x2  
  49  5:44  SCV  
  49  5:45  SCV, Marine  
  49  5:49  Siege Tank  
  55  5:57  SCV x2  
  55  6:02  Supply Depot  
  55  6:03  Marine  
  57  6:11  Viking x2, Stimpack  
  59  6:17  SCV x2  
  62  6:24  Siege Tank  
  65  6:27  Supply Depot  
  64  6:33  Marine  
  63  6:41  Viking  
  65  6:52  SCV x2  
  64  6:54  Liberator  
  67  7:02  Siege Tank  
  67  7:04  SCV x2  
  67  7:06  Marine  
  73  7:12  Viking  
  75  7:17  SCV x2  
  77  7:24  Marine  
  78  7:33  Supply Depot  
  78  7:34  Supply Depot  
  78  7:43  Supply Depot  
  78  7:44  Viking, SCV x2  
  78  7:46  Viking  
  84  7:51  Marine  
  84  7:55  Siege Tank  
  86  8:07  SCV  
  86  8:10  Supply Depot  
  87  8:14  Viking  
  87  8:16  Viking  
  91  8:25  SCV x2  
  93  8:33  Marine  
  94  8:35  Siege Tank  
  97  8:44  Viking  
  97  8:45  SCV x2  
  97  8:46  Viking  
  93  8:49  Combat Shield  
  93  8:52  Barracks  
  93  8:53  Barracks  
  93  8:57  SCV x2, Marine  
  96  9:06  Refinery  
  99  9:13  SCV x2  
  99  9:15  Marine  
  102  9:22  Command Center  
  99  9:31  Engineering Bay x2  
  99  9:33  Marine  
  99  9:37  Siege Tank  
  102  9:41  Barracks Reactor x2  
  101  9:49  Supply Depot  
  101  9:50  Marine  
  102  9:56  SCV x2  
  99  10:02  Medivac x2  
  103  10:08  Marine  
  94  10:14  SCV x2  
  94  10:20  Barracks x2  
  96  10:21  Terran Infantry Weapons Level 1  
  96  10:22  Terran Infantry Armor Level 1  
  96  10:23  Marine x2  
  96  10:26  Marine  
  96  10:27  Marine  
  100  10:34  SCV x2  
  102  10:38  Marine  
  102  10:41  Orbital Command  
  103  10:51  Marine x4  
  103  10:55  Siege Tank  
  103  10:56  Marine  
  111  11:01  SCV  
  109  11:05  Medivac, Sensor Tower  
  109  11:08  Medivac  
  109  11:09  Marine  
  109  11:10  Barracks Reactor  
  114  11:13  Barracks Reactor  
  114  11:14  SCV x2  
  114  11:16  SCV  
  114  11:17  Marine  
  114  11:18  Marine x2  
  120  11:19  Marine  
  121  11:27  Siege Tank  
  121  11:28  Refinery  
  121  11:29  Refinery  
  121  11:31  Armory  
  124  11:33  Marine  
  124  11:35  Marine  
  124  11:36  Marine  
  124  11:39  Medivac x2  
  131  11:47  Marine x4  
  131  11:50  Supply Depot  
  131  11:51  Marine  
  131  11:52  Supply Depot  
  131  11:53  Marine  
  136  11:58  Marine x3  
  136  12:00  Sensor Tower  
  139  12:04  Supply Depot  
  139  12:05  Marine x2  
  141  12:12  Marine x2, Siege Tank  
  146  12:16  Command Center  
  146  12:21  Terran Infantry Weapons Level 2  
  145  12:23  Terran Infantry Armor Level 2  
  145  12:28  Marine x3  
  148  12:30  Marine x2  
  148  12:31  Marine  
  148  12:32  Marine  
  148  12:33  Marine  
  148  12:36  Marine  
  153  12:44  Medivac, Siege Tank  
  155  12:45  Terran Vehicle Weapons Level 1  
  155  12:46  Marine x2  
  155  12:50  Missile Turret  
  160  12:52  Supply Depot  
  160  12:54  Supply Depot, Medivac  
  160  12:56  SCV  
  162  13:09  Marine x3  
  165  13:13  Marine x6  
  169  13:27  Marine x2  
  169  13:28  Marine  
  169  13:31  Marine x2  
  172  13:38  SCV  
  172  13:39  SCV x2  
  172  13:40  Planetary Fortress  
  177  13:43  Marine x4  
  177  13:45  Marine x2  
  177  13:46  Marine  
  184  13:48  Siege Tank  
  184  13:57  Barracks x2  
  184  13:58  Barracks  
  184  14:00  Marine x2  
  184  14:01  Marine x3  
  160  14:15  SCV  
  160  14:16  SCV x2, Marine x4  
  157  14:18  Marine x3  
  157  14:19  Marine x2  
  157  14:20  Siege Tank  
  163  14:26  Medivac x2  
  165  14:34  Marine  
  157  14:47  Marine  
  157  14:48  Marine x6  
  157  14:52  Barracks Reactor x3  
  158  14:56  Viking x2, Marine x2  
  158  14:58  Siege Tank  
  166  15:05  Marine x5  
  166  15:06  Marine  
  169  15:14  Terran Infantry Weapons Level 3, Terran Infantry Armor Level 3  
  161  15:16  Marine  
  161  15:17  Marine x2  
  164  15:23  Marine x3  
  167  15:33  Siege Tank  
  170  15:37  Medivac x2, Command Center  
  170  15:39  Marine x3  
  170  15:42  Marine x3  
  179  16:02  Marine  
  179  16:03  Marine x11  
  188  16:05  Siege Tank  
  188  16:11  Marine x3  
  188  16:20  Marine x4  
  188  16:21  Marine x2  
  186  16:26  Terran Vehicle Weapons Level 2  
  186  16:27  Marine x2  
  186  16:37  Factory  
  186  16:38  Siege Tank  
  186  16:39  Starport  
  189  16:40  Starport  
  189  16:49  Sensor Tower  
  189  16:54  Viking x2  
  176  17:07  Marine  
  176  17:08  Marine x12  
  177  17:10  Marine, Siege Tank  
  182  17:21  Starport Tech Lab x2  
  182  17:22  Factory Tech Lab  
  179  17:25  Marine  
  179  17:26  Marine x5  
  179  17:27  Marine x6  
  179  17:29  Planetary Fortress  
  188  17:42  Siege Tank  
  188  17:50  Raven x2  
  188  17:51  Corvid Reactor  
  192  17:53  Marine x8  
  200  18:02  Command Center  
  178  18:17  Siege Tank  
  178  18:18  Siege Tank  
  178  18:19  Marine  
  152  18:20  Marine x12  
  152  18:26  Medivac  
  152  18:27  Medivac  
  161  18:41  Raven x2  
  161  18:47  Marine x13  
  163  18:49  Siege Tank  
  163  18:50  Siege Tank  
  163  18:55  Marine  
  170  18:56  Sensor Tower  
  170  19:02  Medivac  
  172  19:19  Orbital Command  
  172  19:21  Siege Tank  
  172  19:23  Neosteel Armor  
  175  19:26  Refinery  
  175  19:28  Refinery  
  175  19:29  Refinery  
  175  19:30  Marine x5  
  175  19:31  Marine x9  
  178  19:48  Marine x11  
  178  19:49  Marine, Sensor Tower  
  178  19:52  Siege Tank  
  193  20:05  Raven  
  195  20:21  Command Center  
  195  20:23  Raven  
  195  20:28  Marine x3  
  200  20:48  Siege Tank  
  194  20:54  Raven  
  194  20:55  Viking  
  185  21:02  Siege Tank  
  188  21:22  Marine x3  
  188  21:23  Marine x9  
  197  21:35  Marine  
  197  21:36  Barracks Reactor  
  195  21:40  Marine x5  
  195  21:43  Barracks Reactor  
  195  21:44  Planetary Fortress  
  198  21:52  Raven  
  197  22:00  Siege Tank  
  197  22:01  Marine, Siege Tank  
  188  22:02  Marine x11  
  194  22:17  Marine  
  194  22:19  Marine x5  
  194  22:20  Medivac  
  192  22:33  Siege Tank x2  
  169  22:37  Marine  
  169  22:38  Marine x14  
  175  22:49  SCV x5  
  176  22:55  Marine x3  
  176  22:56  Marine  
  180  23:01  SCV  
  180  23:05  Siege Tank x2  
  187  23:07  Marine  
  187  23:08  Marine x8  
  173  23:15  Orbital Command  
  175  23:22  Medivac x3  
  179  23:27  Medivac  
  181  23:37  Siege Tank x2  
  187  23:48  Marine x6  
  187  23:49  Marine x7  
  200  24:08  Terran Vehicle Weapons Level 3  
  172  24:25  Siege Tank x2  
  172  24:29  Marine x15  
  171  24:47  Marine x8  
  148  24:53  Marine x5  
  148  24:54  Marine x2  
  154  25:04  Marine  
  154  25:05  Marine x4  
  154  25:06  Raven x2  
  158  25:07  Marine x3  
  158  25:11  Marine x7  
  165  25:22  Marine x4  
  165  25:23  Marine  
  165  25:25  Marine x3  
  173  25:29  Marine x7  
  173  25:31  SCV  
  173  25:35  Medivac x2  
  185  25:40  Marine x2  
  187  25:43  SCV  
  187  25:48  Siege Tank x2  
  194  25:54  Marine  
  194  25:55  Marine x5  
  193  26:35  Marine  
  193  26:36  Marine x14  
Tags
 
Add a new tag
Caveats
  • Supply blocks, unpowered buildings, or Contaminate may cause inaccurate times.
  • Supply counts are checked every 10 seconds.